 Dungeon Crawl Stone Soup version 0.20.1-1-g8b1a95d (webtiles) character file.

2954 Linguinho the Grappler (level 9, 0/79 (80) HPs)
             Began as a Troll Hunter on Nov 14, 2017.
             Succumbed to a hornet's poison
             ... on level 7 of the Dungeon.
             The game lasted 00:07:36 (5279 turns).

Linguinho the Grappler (Troll Hunter)               Turns: 5279, Time: 00:07:37

HP:   0/79 (80)     AC: 14    Str: 25    XL:     9   Next: 52%
MP:   8/8           EV: 11    Int:  7    God:
Gold: 351           SH:  0    Dex: 10    Spells: 8/8 levels left

rFire    . . .     SeeInvis .   D - +5 flail (protect)
rCold    . . .     Gourm    +   (no shield)
rNeg     + . .     Faith    .   p - +2 robe {rN+}
rPois    .         Spirit   .   (helmet restricted)
rElec    .         Reflect  .   (no cloak)
rCorr    .         Harm     .   (gloves unavailable)
MR       .....                  (boots unavailable)
Stlth    ++........             (no amulet)
Regen    0.7/turn               A - ring of stealth
MPRegen  0.2/turn               (no ring)

@: lethally poisoned (0 -> -1), protection aura
A: unfitting armour, claws 3, fast metabolism 3, gourmand, regeneration 1,
shaggy fur 1, tough skin 2
a: no special abilities


You were on level 7 of the Dungeon.
You were very full.

You visited 1 branch of the dungeon, and saw 7 of its levels.

You collected 351 gold pieces.

Inventory:

Hand Weapons
 m - a cursed -1 mace
 D - a +5 flail of protection (weapon)
 E - a +0 giant spiked club
Missiles
 c - 11 large rocks (quivered)
 d - 2 throwing nets
 v - 4 tomahawks
Armour
 p - a +2 robe of positive energy (worn)
Jewellery
 A - a ring of stealth (left claw)
Wands
 B - a wand of acid (7/15)
 F - a wand of iceblast (8/15)
Scrolls
 a - 2 scrolls of enchant weapon {unknown}
 g - 5 scrolls of remove curse
 i - 2 scrolls of teleportation {unknown}
 n - 5 scrolls of identify {unknown}
 o - a scroll of amnesia {unknown}
 q - 2 scrolls of fog {unknown}
 r - 2 scrolls of recharging {unknown}
 t - 3 scrolls of magic mapping {unknown}
 w - a scroll of blinking {unknown}
Potions
 e - 6 potions of curing {unknown}
 h - 3 potions of cancellation {unknown}
 j - 2 potions of agility
 k - a potion of brilliance {unknown}
 u - a potion of might {unknown}
 x - 4 potions of flight {unknown}
 z - a potion of resistance {unknown}
 C - a potion of haste {unknown}
Books
 y - a book of Minor Magic

   Spells                             Type                      Level
   a - Magic Dart                     Conjuration                  1
   b - Blink                          Translocation                2
   c - Call Imp                       Summoning                    2
   d - Slow                           Hexes                        2
   e - Conjure Flame                  Conjuration/Fire             3
   f - Mephitic Cloud                 Conjuration/Poison/Air       3
 H - a book of Misfortune

   Spells                             Type                      Level
   a - Confusing Touch                Hexes                        1
   b - Confuse                        Hexes                        3
   c - Gell's Gravitas                Translocation                3
   d - Petrify                        Transmutation/Earth          4
   e - Metabolic Englaciation         Hexes/Ice                    5
   f - Yara's Violent Unravelling     Hexes/Transmutation          5
 I - a book of Flames

   Spells                             Type                      Level
   a - Flame Tongue                   Conjuration/Fire             1
   b - Throw Flame                    Conjuration/Fire             2
   c - Conjure Flame                  Conjuration/Fire             3
   d - Inner Flame                    Hexes/Fire                   3
   e - Sticky Flame                   Conjuration/Fire             4
   f - Fireball                       Conjuration/Fire             5
Comestibles
 b - 2 meat rations
 f - 6 bread rations
 l - 6 fruits
 s - 3 royal jellies
 G - 16 chunks of flesh


   Skills:
 + Level 2.9 Fighting
 * Level 5.3 Maces & Flails
 * Level 5.9 Throwing
 + Level 4.0 Dodging
 - Level 0.3 Stealth
 * Level 9.1 Unarmed Combat


You had 8 spell levels left.
You didn't know any spells.

Dungeon Overview and Level Annotations

Branches:
Dungeon (7/15)             Temple (0/1) D:4

Altars:
Ashenzari
Cheibriados
Fedhas
Makhleb
Okawaru
Ru
Trog
Vehumet
Xom
Zin

Shops:
D:5 (


Innate Abilities, Weirdness & Mutations

You are too large for most types of armour.
You have claws for hands.
Your metabolism is lightning-fast.
You like to eat raw meat.
Your natural rate of healing is unusually fast.
You are covered in fur. (AC +1)
You have very tough skin. (AC +2)


Message History

The centaur unwields an uncursed shortbow.
The centaur closely misses you.
You sock the centaur!
The centaur is severely wounded.
The centaur hits you.
* * * LOW HITPOINT WARNING * * *
The centaur hits you.
* * * LOW HITPOINT WARNING * * *
You sock the centaur!
You kill the centaur!
You sock the orc!
You kill the orc!
The hornet stings you!
* * * LOW HITPOINT WARNING * * *
You are lethally poisoned!
You feel yourself slow down.
You thump the hornet!
The hornet is moderately wounded.
You feel yourself speed up.
You die...

#.###........###.#
#...
#.......[.........
...≈ #####.......#####
#..≈ ##..o.### #..≈
#..o.# #..≈ #(#o##
##.. #.#†# ###
#.#o###### #.(oy@...#
########.# #######.#
........# .###....#
+#######'.#
#...#...#.#
#...#...#.# ###
#.......#.#########.##


You could see a hornet, an orc priest and an orc.

Vanquished Creatures
  Pikel (D:4)
  Grinder (D:6)
  Eustachio (D:6)
  Edmund (D:5)
  A water moccasin (D:5)
  An orc warrior (D:7)
  A sky beast (D:5)
  3 ogres
  A necrophage (D:6)
  A phantom (D:4)
  A centaur (D:7)
  Blork the orc (D:6)
  A bullfrog (D:6)
  3 scorpions
  An electric eel (D:7)
  A howler monkey (D:4)
  5 crimson imps
  3 hounds
  A quasit (D:7)
  A jelly (D:5)
  Crazy Yiuf (D:6)
  2 orc wizards (D:7)
  A bullfrog skeleton (D:5)
  2 orc priests (D:5)
  A centaur skeleton (D:5)
  Jessica (D:2)
  4 iguanas
  Terence (D:3)
  3 worker ants
  2 killer bee zombies
  A worker ant zombie (D:5)
  A howler monkey zombie (D:4)
  8 adders
  4 gnolls (D:3)
  A shadow imp (D:6)
  An adder skeleton (D:6)
  2 dart slugs
  5 leopard geckos
  10 orcs
  2 ball pythons
  6 bats
  2 giant cockroaches (D:1)
  5 goblins
  7 hobgoblins
  3 jackals (D:5)
  9 kobolds
  4 quokkas
  5 frilled lizards
  4 rats
128 creatures vanquished.

Vanquished Creatures (others)
  A slave (D:4)
  A howler monkey (D:4)
2 creatures vanquished.

Grand Total: 130 creatures vanquished

Notes
Turn   | Place    | Note
-------+----------+-------------------------------------------
     0 | D:1      | Linguinho the Troll Hunter began the quest for the Orb.
     0 | D:1      | Reached XP level 1. HP: 19/19 MP: 0/0
   166 | D:1      | Reached XP level 2. HP: 21/27 MP: 1/1
   678 | D:2      | Found a blossoming altar of Fedhas.
   694 | D:2      | Reached XP level 3. HP: 33/35 MP: 2/2
  1070 | D:2      | Noticed Jessica
  1071 | D:2      | Killed Jessica
  1071 | D:2      | Reached skill level 1 in Unarmed Combat
  1071 | D:2      | Reached XP level 4. HP: 42/42 MP: 3/3
  1176 | D:2      | Reached skill level 1 in Maces & Flails
  1227 | D:2      | Found a snail-covered altar of Cheibriados.
  1508 | D:3      | Noticed Terence
  1516 | D:3      | Killed Terence
  1716 | D:3      | Reached skill level 2 in Unarmed Combat
  1724 | D:3      | Reached XP level 5. HP: 41/49 MP: 4/4
  1773 | D:3      | Found a radiant altar of Vehumet.
  1857 | D:3      | Found a bloodstained altar of Trog.
  1907 | D:3      | Found a burning altar of Makhleb.
  1909 | D:3      | Noticed a cacodemon
  2154 | D:4      | Found a staircase to the Ecumenical Temple.
  2180 | D:4      | Reached skill level 3 in Unarmed Combat
  2212 | D:4      | Noticed a slave
  2212 | D:4      | Noticed a slave
  2212 | D:4      | Noticed a slave
  2214 | D:4      | Noticed Pikel
  2214 | D:4      | Noticed a slave
  2218 | D:4      | Noticed an ogre
  2226 | D:4      | Killed Pikel
  2226 | D:4      | Reached skill level 5 in Throwing
  2226 | D:4      | Reached skill level 5 in Unarmed Combat
  2226 | D:4      | Reached XP level 6. HP: 37/57 MP: 5/5
  2226 | D:4      | Reached XP level 7. HP: 42/65 MP: 6/6
  2809 | D:4      | Reached skill level 6 in Unarmed Combat
  3047 | D:5      | Entered Level 5 of the Dungeon
  3069 | D:5      | Reached XP level 8. HP: 74/74 MP: 7/7
  3150 | D:5      | Reached skill level 7 in Unarmed Combat
  3229 | D:5      | Found Apanieb's Weapon Shoppe.
  3613 | D:5      | Found a glowing silver altar of Zin.
  3788 | D:5      | Noticed Edmund
  3802 | D:5      | Killed Edmund
  3802 | D:5      | Reached skill level 8 in Unarmed Combat
  4109 | D:6      | Noticed Grinder
  4123 | D:6      | Killed Grinder
  4312 | D:6      | Reached XP level 9. HP: 80/80 MP: 8/8
  4317 | D:6      | Noticed Eustachio
  4331 | D:6      | Killed Eustachio
  4355 | D:6      | Found a shimmering altar of Xom.
  4355 | D:6      | Found a shattered altar of Ashenzari.
  4355 | D:6      | Found an iron altar of Okawaru.
  4500 | D:6      | Reached skill level 9 in Unarmed Combat
  4629 | D:6      | Noticed Blork the orc
  4642 | D:6      | Killed Blork the orc
  4823 | D:6      | Found a runed door.
  4935 | D:6      | Noticed Crazy Yiuf
  4942 | D:6      | Killed Crazy Yiuf
  5199 | D:7      | Found a sacrificial altar of Ru.
  5204 | D:7      | Reached skill level 5 in Maces & Flails
  5278 | D:7      | HP: 1/79 [hornet (17)]
  5279 | D:7      | Succumbed to a hornet's poison

Skill      XL: |  1  2  3  4  5  6  7  8  9 |
---------------+----------------------------+-----
Throwing       | 4 5 |  5.9
Unarmed Combat | 1 2 5 6 8 9 |  9.1
Maces & Flails | 1 2 3 5 |  5.3
Dodging        | 2 3 4 |  4.0
Fighting       | 2 |  2.9
Stealth        | |  0.3

Action                   |  1- 3 |  4- 6 |  7- 9 || total
-------------------------+-------+-------+-------++-------
Melee: Short sword       |    33 |       |       ||    33
       Unarmed           |    55 |   130 |   118 ||   303
       Punch             |       |       |    11 ||    11
       Flail             |       |       |   140 ||   140
Throw: Large rock        |     1 |       |     3 ||     4
  Use: Scroll            |       |     1 |       ||     1
 Stab: Sleeping          |     1 |     1 |     5 ||     7
       Distracted        |       |       |     1 ||     1
       Paralysed         |       |       |     1 ||     1
  Eat: Chunk             |     8 |    18 |    28 ||    54
Armor: Robe              |    38 |    43 |    92 ||   173
Dodge: Dodged            |    43 |    66 |   135 ||   244
